 Dungeon Crawl Stone Soup version 0.28.0-45-g0d030f2227 (webtiles) character file.

Game seed: 15459517051259698456

187 protoss039 the Ducker (level 5, -12/28 HPs)
             Began as a Deep Elf Fire Elementalist on Apr 10, 2022.
             Killed by an exploding orc (26 damage)
             ... ignited by their inner flame
             ... on level 2 of the Dungeon.
             The game lasted 00:03:47 (3074 turns).

protoss039 the Ducker (Deep Elf Fire Elementalist)  Turns: 3074, Time: 00:03:48

Health: -12/28     AC:  3    Str:  5    XL:     5   Next: 39%
Magic:  0/13       EV: 14    Int: 22    God:
Gold:   90         SH:  5    Dex: 15    Spells: 9/12 levels left

rFire   . . .      SeeInvis .   e - +0 dagger (elec)
rCold   . . .      Faith    .   (no shield)
rNeg    . . .      Spirit   .   a - +1 robe
rPois   .          Reflect  +   (no helmet)
rElec   .          Harm     .   (no cloak)
rCorr   .          Rampage  .   (no gloves)
Will    .....                   (no boots)
Stlth   ++........              f - amulet of reflection
HPRegen 0.09/turn               (no ring)
MPRegen 0.13/turn               (no ring)

@: no status effects
A: no striking features
a: no special abilities


You were on level 2 of the Dungeon.
You visited 1 branch of the dungeon, and saw 2 of its levels.

You collected 90 gold pieces.

Inventory:

Hand Weapons
 e - a +0 dagger of electrocution (weapon)
Armour
 a - a +1 robe (worn)
Jewellery
 f - an amulet of reflection (around neck)
Scrolls
 d - a scroll of identify {unknown}


   Skills:
 * Level 0.8 Fighting
 * Level 4.4 Dodging
 - Level 3.0 Stealth
 + Level 4.1 Spellcasting
 + Level 2.4 Conjurations
 + Level 4.0 Fire Magic


You had 9 spell levels left.
You knew the following spells:

 Your Spells              Type           Power      Damage    Failure   Level
a - Foxfire               Conj/Fire      76%        2x1d7     3%          1
b - Scorch                Fire           44%        2d7       3%          2

Your spell library contained the following spells:

 Spells                   Type           Power      Damage    Failure   Level
 Conjure Flame            Conj/Fire      19%        6-21      9%          3
 Inner Flame              Hex/Fire       13%        N/A       14%         3
 Flame Wave               Conj/Fire      19%        2d6       28%         4


Dungeon Overview and Level Annotations

Branches:
Dungeon (2/15)

Altars:


Message History

Confirm with . or Enter, or press ? or * to list all spells.
Flames lash something.
Reactivating autopickup.
You feel a bit more experienced.
Your life force feels restored.
Unknown command.
Unknown command.
Unknown command.
You aren't carrying any potions.
As you read the scroll labelled FEDYJE MAOD, it crumbles to dust.
It is a scroll of enchant armour.
Your +0 robe glows green for a moment.
The orc completely misses you.
Unknown command.
As you read the scroll labelled IRAABU GADER, it crumbles to dust.
The creatures around you are filled with an inner flame!
It was a scroll of immolation.
The orc completely misses you.
Unknown command.
Unknown command.
Casting: Scorch (safe; 3% risk of failure)
Confirm with . or Enter, or press ? or * to list all spells.
You conjure some foxfire!
The orc hits you with a +0 dagger.
Unknown command.
Unknown command.
Your foxfire dissipates!
Unknown command.
Unknown command.
Casting: Foxfire (safe; 3% risk of failure)
Confirm with . or Enter, or press ? or * to list all spells.
You conjure some foxfire!
The orc completely misses you.
Unknown command.
Unknown command.
Your foxfire dissipates!
Unknown command.
You hit the orc.
Flame seeps out of the orc.
The orc is heavily wounded.
The orc is engulfed in blazing flames.
The orc explodes!
The fiery explosion engulfs you!!
Ouch! That really hurt!
You die...

### #.....#.##..#
...[...####...#....#
..... ##.###..## ....o
##.#.### ... ##..# o..
##.# #############o####
#.# #..........#...#.#
#.# ..##########8o8#@#
#.# ### #...#○# #.#
##.##§# #.#
#########'##o# #.#
#........o.).# #.#
#.###################.#
#.# #.......# #.#
#.####### #####.# #.#


You could see an orc (inner flame).

Vanquished Creatures
  A phantom (D:2)
  An orc wizard (D:2)
  4 adders (D:2)
  2 worms (D:2)
  4 orcs (D:2)
  3 ball pythons
  6 bats
  An endoplasm (D:2)
  A giant cockroach (D:1)
  2 goblins
  A hobgoblin (D:2)
  3 jackals (D:2)
  2 quokkas (D:1)
  3 frilled lizards
  8 kobolds
  6 rats (D:2)
  A spectral kobold (D:1)
49 creatures vanquished.

Vanquished Creatures (collateral kills)
  A foxfire (D:1)
1 creature vanquished.

Vanquished Creatures (others)
  194 foxfires
194 creatures vanquished.

Grand Total: 244 creatures vanquished

Notes
Turn   | Place    | Note
-------+----------+-------------------------------------------
     0 | D:1      | protoss039 the Deep Elf Fire Elementalist began the quest
                  | for the Orb.
     0 | D:1      | Reached XP level 1. HP: 10/10 MP: 6/6
   510 | D:1      | Reached XP level 2. HP: 15/15 MP: 4/8
  1137 | D:1      | Found a faded altar of an unknown god.
  1622 | D:1      | Learned a level 2 spell: Scorch
  1627 | D:2      | Noticed a phantom
  1636 | D:2      | Killed a phantom
  1637 | D:2      | Reached XP level 3. HP: 12/19 MP: 1/10
  1637 | D:2      | Reached XP level 4. HP: 16/24 MP: 1/11
  2426 | D:2      | Reached XP level 5. HP: 28/28 MP: 7/13
  3048 | D:2      | Found the +1 Delatra's gloves {ID++}
  3074 | D:2      | Killed by an exploding orc... ignited by their inner flame

Illustrated notes

Levels and vault maps discovered:
D:1:      minmay_arrival_diagonal_passages, layout_basic,
          dreamdust_ecumenical_altar_drowned_temple, minmay_close_crescents
D:2:      layout_loops_ring, roderic_malta_cross, chequers_avenue,
          pf_guarded_unrand_delatra

Skill      XL: |  1  2  3  4 |
---------------+-------------+-----
Stealth        | 3 |  3.0
Dodging        | 4 |  4.4
Conjurations   | 2 |  2.4
Fire Magic     | 4 |  4.0
Spellcasting   | 4 |  4.1
Fighting       | |  0.8

Action                   |  1- 3 |  4- 6 || total
-------------------------+-------+-------++-------
Melee: Unarmed           |     4 |       ||     4
       Dagger            |     2 |    17 ||    19
 Cast: Foxfire           |    90 |    47 ||   137
       Scorch            |     1 |    18 ||    19
  Use: Scroll            |       |     2 ||     2
 Stab: Sleeping          |       |     1 ||     1
Armor: Robe              |     1 |     2 ||     3
Dodge: Dodged            |    13 |    14 ||    27
Block: Other             |       |     6 ||     6
